 Dungeon Sprint DCSS version 0.26-a0-651-gb41185065b (webtiles) character file.

Game seed: 9188197808252772696

72639 HoaS the Formicid Porcupine (level 15, -22/131 HPs)
             Began as a Formicid Fighter on Oct 11, 2020.
             Was the Champion of Makhleb.
             Annihilated by a sun demon (34 damage)
             ... summoned by a greater mummy
             ... in the Dungeon (Sprint IX: "|||||||||||||||||||||||||||||").
             The game lasted 00:23:26 (3815 turns).

HoaS the Formicid Porcupine (Formicid Fighter)      Turns: 3815, Time: 00:23:26

Health: -22/131    AC: 21    Str: 27    XL:     15   Next: 87%
Magic:  15/15      EV: 25    Int: 10    God:    Makhleb [******]
Gold:   209        SH: 16    Dex: 18    Spells: 14/14 levels left

rFire    . . .     SeeInvis +   d - +10 bardiche of Accord {vorpal, *Drain Int+3 Dex+4 SInv}
rCold    . . .     Faith    .   c - +0 kite shield
rNeg     . . .     Spirit   .   x - +6 acid dragon scales
rPois    .         Reflect  .   (helmet unavailable)
rElec    .         Harm     .   k - +0 cloak
rCorr    +         Rampage  .   r - +0 pair of gloves
MR       +....                  l - +0 pair of boots
Stlth    +.........             (no amulet)
HPRegen  0.31/turn              m - +3 ring of dexterity
MPRegen  0.14/turn              n - +2 ring of evasion

@: marked
A: permanent stasis, dig shafts and tunnels, four strong arms, antennae 3
a: Dig, Minor Destruction, Lesser Servant of Makhleb, Major Destruction, Greater
Servant of Makhleb, Renounce Religion


You were in the Dungeon.
You worshipped Makhleb.
Makhleb was exalted by your worship.
You visited 1 branch You collected 1821 gold pieces.
You spent 1612 gold pieces at shops.

Inventory:

Hand Weapons
 d - the +10 bardiche of Accord (weapon) {vorpal, *Drain Int+3 Dex+4 SInv}
   (You acquired it in the Dungeon)

   It inflicts extra damage upon your enemies.
   It affects your intelligence (+3).
   It affects your dexterity (+4).
   It lets you see invisible.
   It causes draining when unequipped.
Armour
 c - a +0 kite shield (worn)
 i - the +6 chain mail of the Eternal Fruit {+Fly rElec Str-2}
   (You found it in the Dungeon)

   It affects your strength (-2).
   It insulates you from electricity.
   It lets you fly.
 k - a +0 cloak (worn)
 l - a +0 pair of boots (worn)
 r - a +0 pair of gloves (worn)
 x - +6 acid dragon scales (worn)
Jewellery
 m - a +3 ring of dexterity (left hand)
 n - a +2 ring of evasion (right hand)
 s - an uncursed ring of protection from fire
 u - an uncursed ring of poison resistance
 v - an uncursed ring of protection from cold
 w - an uncursed ring of ice
Wands
 a - a wand of disintegration (16)
 b - a wand of random effects (23)
 j - a wand of iceblast (10)
Scrolls
 e - 2 scrolls of identify
 h - 4 scrolls of remove curse
 o - 2 scrolls of fear
 q - a scroll of fog
 t - 5 scrolls of enchant weapon
Potions
 f - 3 potions of curing
 g - 4 potions of magic
 z - a potion of resistance


   Skills:
 + Level 16.2 Fighting
 O Level 27 Polearms
 + Level 15.6 Armour
 + Level 14.1 Dodging
 + Level 16.5 Shields


You had 14 spell levels left.
You didn't know any spells.
Your spell library was empty.

Dungeon Overview and Level Annotations

Branches:
Dungeon (1/1)

Altars:
Cheibriados
Dithmenos
Elyvilon
Fedhas
Gozag
Hepliaklqana
Kikubaaqudgha
Makhleb
Nemelex Xobeh
Okawaru
Qazlal
Ru
Sif Muna
Trog
Uskayaw
Vehumet
Wu Jian
Xom
Yredelemnul
Zin
The Shining One
Beogh
Jiyva
Lugonu

Shops:
D ?!(*


Innate Abilities, Weirdness & Mutations

You cannot be hasted, slowed, berserked, paralysed or teleported.
You can dig through walls and to a lower floor.
Your four strong arms can wield two-handed weapons with a shield.
You have a pair of large antennae on your head. (SInv)


Message History

You block the greater mummy's attack.
You hit the greater mummy but do no damage.
The greater mummy is heavily damaged.
The sun demon closely misses you.
The greater mummy completely misses you.
You slice the greater mummy!!
The greater mummy is severely damaged.
The sun demon hits you.
* * * LOW HITPOINT WARNING * * *
You are engulfed in flames!
* * * LOW HITPOINT WARNING * * *
The ironbrand convoker points at the spriggan baker and mumbles some strange words.
The spriggan baker seems to grow stronger.
You completely miss the greater mummy.
The greater mummy is severely damaged.
The sun demon barely misses you. The greater mummy misses you.
You open the greater mummy like a pillowcase!!!
The greater mummy is almost destroyed.
The sun demon hits you!!
You die...

)))))))).[[[[.[[.....!.....()))).
▓▓▓▓▓▓▓▓▓▓▓▓▓▓▓▓▓▓▓▓▓▓▓▓▓▓▓▓▓▓▓▓▓
.................................
▓▓▓▓▓▓▓▓▓▓▓▓▓▓▓▓▓▓▓▓▓▓▓▓▓▓▓▓▓▓♣♣♣
'(.(()....')........'.........÷..
▓▓▓▓▓▓▓▓▓▓▓▓▓▓▓▓▓▓▓▓▓▓▓▓▓▓▓▓▓▓♣♣♣
.................................
▓▓▓▓▓▓▓▓▓▓▓▓▓▓▓▓▓▓▓▓▓▓▓▓▓▓▓▓▓▓▓▓▓
))))))))((.55e3M@3pi()......


{{{{ ▓▓▓▓▓▓▓▓▓▓▓▓▓▓▓▓▓▓▓▓▓▓▓▓▓▓▓▓ { { { { You could see a greater mummy, a deep
elf annihilator, a sun demon (summoned, strong), an ironbrand convoker (strong),
a neqoxec (summoned), a spriggan baker (strong), a white imp (summoned) and a
shadow imp (summoned).

Vanquished Creatures
  Saint Roka (D)
  An Orb Guardian (D)
  Kirke (D)
  A nagaraja (D)
  2 frost giants (D)
  An emperor scorpion (D)
  2 ironheart preservers (D)
  2 very ugly things (D)
  An entropy weaver (D)
  An ettin (D)
  A fire dragon (D)
  Josephine (D)
  A great orb of eyes (D)
  A yaktaur captain (D)
  2 ice dragons (D)
  A rakshasa (D)
  A naga warrior (D)
  A hydra (D)
  2 two-headed ogres (D)
  An alligator snapping turtle (D)
  An alligator (D)
  A satyr (D)
  2 deep troll earth magi (D)
  3 ogre magi (D)
  A tengu warrior (D)
  2 deep troll shamans (D)
  A shock serpent (D)
  A naga sharpshooter (D)
  A deep elf knight (D)
  4 spriggans (D)
  6 deep trolls (D)
  A skeletal warrior (D)
  A shadow wraith (D)
  A flayed ghost (D)
  2 spriggan druids (D)
  An ironbrand convoker (D)
  2 lindwurms (D)
  2 orc knights (D)
  A deep elf archer (D)
  A mana viper (D)
  2 harpies (D)
  2 necromancers (D)
  2 wizards (D)
  2 orc sorcerers (D)
  3 wolf spiders (D)
  A salamander (D)
  Maurice (D)
  A moth of wrath (D)
  2 vault sentinels (D)
  4 black mambas (D)
  A torpor snail (D)
  2 water nymphs (D)
  4 yaktaurs (D)
  A komodo dragon (shapeshifter) (D)
  2 demonic crawlers (D)
  2 komodo dragons (D)
  7 trolls (D)
  2 merfolk (D)
  A jumping spider (D)
  A wind drake (D)
  A blink frog (shapeshifter) (D)
  2 tyrant leeches (D)
  2 hornets (D)
  2 bog bodies (D)
  A blink frog (D)
  2 slime creatures (D)
  A hippogriff (D)
  A shadow (D)
  2 tarantellas (D)
  A redback (D)
  3 wraiths (D)
  A wyvern (D)
  Eustachio (D)
  A yak (D)
  2 humans (D)
  A hog (D)
  2 vampire mosquitoes (D)
  An acid dragon (D)
  A warg (D)
  2 water moccasins (D)
  A porcupine (D)
  A swamp drake (D)
  12 orc warriors (D)
  A sky beast (D)
  An ice beast (shapeshifter) (D)
  An eye of draining (D)
  A black bear (shapeshifter) (D)
  An ogre (D)
  A wolf (D)
  3 centaurs (D)
  5 crocodiles (D)
  A big kobold (D)
  3 bullfrogs (D)
  7 orc priests (D)
  3 jellies (D)
  4 orc wizards (D)
  An iguana (D)
  An ufetubus (D)
  4 worms (D)
  A leopard gecko (D)
  6 orcs (D)
  A bat skeleton (D)
  A giant cockroach (D)
  A hobgoblin (D)
  A jackal (D)
  2 rats (D)
198 creatures vanquished.

Vanquished Creatures (others)
  2 humans (D)
2 creatures vanquished.

Grand Total: 200 creatures vanquished

Notes
Turn   | Place    | Note
-------+----------+-------------------------------------------
     0 | D        | HoaS the Formicid Fighter began the quest for the Orb.
     0 | D        | Reached XP level 1. HP: 18/18 MP: 1/1
     5 | D        | Reached skill level 3 in Polearms
    18 | D        | Noticed a centaur
    18 | D        | Noticed an iguana
    18 | D        | Noticed an ogre
    23 | D        | Killed a centaur
    23 | D        | Reached skill level 7 in Polearms
    23 | D        | Reached XP level 2. HP: 11/24 MP: 2/2
    23 | D        | Reached XP level 3. HP: 13/29 MP: 3/3
    23 | D        | Reached XP level 4. HP: 16/35 MP: 4/4
    42 | D        | Reached XP level 5. HP: 17/41 MP: 5/5
    51 | D        | Killed an ogre
    51 | D        | Reached skill level 9 in Polearms
    51 | D        | Reached XP level 6. HP: 31/47 MP: 6/6
    58 | D        | Found a roughly hewn altar of Beogh.
    58 | D        | Found a snail-covered altar of Cheibriados.
    58 | D        | Found a shadowy altar of Dithmenos.
    58 | D        | Found a white marble altar of Elyvilon.
    58 | D        | Found a blossoming altar of Fedhas.
    58 | D        | Found an opulent altar of Gozag.
    59 | D        | Found a hazy altar of Hepliaklqana.
    60 | D        | Found a viscous altar of Jiyva.
    61 | D        | Found an ancient bone altar of Kikubaaqudgha.
    62 | D        | Found a corrupted altar of Lugonu.
    63 | D        | Found a burning altar of Makhleb.
    64 | D        | Found a sparkling altar of Nemelex Xobeh.
    65 | D        | Found an iron altar of Okawaru.
    66 | D        | Found a stormy altar of Qazlal.
    67 | D        | Found a sacrificial altar of Ru.
    68 | D        | Found a shimmering blue altar of Sif Muna.
    69 | D        | Found a bloodstained altar of Trog.
    70 | D        | Found a hide-covered altar of Uskayaw.
    71 | D        | Became a worshipper of Makhleb the Destroyer
    72 | D        | Found a radiant altar of Vehumet.
    73 | D        | Found an ornate altar of the Wu Jian Council.
    74 | D        | Found a shimmering altar of Xom.
    75 | D        | Found a basalt altar of Yredelemnul.
    76 | D        | Found a glowing silver altar of Zin.
    77 | D        | Found a glowing golden altar of the Shining One.
   159 | D        | Noticed a yak
   159 | D        | Noticed a sky beast
   161 | D        | Reached skill level 10 in Polearms
   178 | D        | Killed a yak
   178 | D        | Reached * piety under Makhleb
   178 | D        | Reached skill level 12 in Polearms
   178 | D        | Reached XP level 7. HP: 6/52 MP: 7/7
   185 | D        | Reached ** piety under Makhleb
   185 | D        | Reached skill level 13 in Polearms
   284 | D        | Noticed a two-headed ogre
   284 | D        | Noticed a two-headed ogre
   284 | D        | Noticed a troll
   284 | D        | Noticed a wyvern
   303 | D        | Killed a two-headed ogre
   303 | D        | Reached skill level 16 in Polearms
   303 | D        | Reached XP level 8. HP: 48/58 MP: 1/8
   315 | D        | Killed a two-headed ogre
   315 | D        | Reached skill level 17 in Polearms
   315 | D        | Reached XP level 9. HP: 64/64 MP: 2/9
   325 | D        | Killed a troll
   325 | D        | Reached *** piety under Makhleb
   325 | D        | Reached skill level 18 in Polearms
   501 | D        | Noticed a blink frog
   510 | D        | Reached **** piety under Makhleb
   510 | D        | Reached skill level 1 in Dodging
   515 | D        | Noticed a komodo dragon
   543 | D        | Reached XP level 10. HP: 73/73 MP: 10/10
   546 | D        | Killed a komodo dragon
   546 | D        | Reached ***** piety under Makhleb
   546 | D        | Reached skill level 5 in Armour
   548 | D        | Reached skill level 5 in Fighting
   573 | D        | Noticed a torpor snail
   574 | D        | Noticed a black mamba
   580 | D        | Killed a torpor snail
   580 | D        | Reached skill level 19 in Polearms
   590 | D        | Noticed a komodo dragon
   606 | D        | Killed a black mamba
   613 | D        | Reached ****** piety under Makhleb
   618 | D        | Killed a komodo dragon
   618 | D        | Reached skill level 5 in Dodging
   710 | D        | Noticed a lindwurm
   710 | D        | Noticed a lindwurm
   718 | D        | Killed a lindwurm
   734 | D        | Killed a lindwurm
   734 | D        | Reached XP level 11. HP: 52/86 MP: 11/11
   769 | D        | Reached skill level 20 in Polearms
   804 | D        | Got the +6 chain mail of the Eternal Fruit {+Fly rElec
                  | Str-2}
   891 | D        | Noticed Eustachio
   902 | D        | Killed Eustachio
   940 | D        | Noticed Josephine
   959 | D        | Killed Josephine
  1205 | D        | Noticed an orc knight
  1267 | D        | Killed an orc knight
  1309 | D        | Noticed an orc sorcerer
  1326 | D        | Killed an orc sorcerer
  1326 | D        | Reached skill level 21 in Polearms
  1432 | D        | Found Raellulu's Magic Scroll Emporium.
  1432 | D        | Noticed a deep troll
  1432 | D        | Noticed a deep troll
  1432 | D        | Noticed a deep troll
  1435 | D        | Noticed a deep troll
  1441 | D        | Killed a deep troll
  1442 | D        | Found Ixius's Distillery.
  1442 | D        | Noticed an ogre mage
  1465 | D        | Killed a deep troll
  1465 | D        | Reached XP level 12. HP: 95/95 MP: 12/12
  1474 | D        | Killed a deep troll
  1474 | D        | Reached skill level 22 in Polearms
  1481 | D        | Killed a deep troll
  1495 | D        | Killed an ogre mage
  1507 | D        | Found Qumimn's Antique Weapon Emporium.
  1511 | D        | Found Dammocut's General Store.
  1515 | D        | Noticed a deep troll
  1516 | D        | Noticed a deep troll
  1536 | D        | Killed a deep troll
  1550 | D        | Reached skill level 23 in Polearms
  1559 | D        | Killed a deep troll
  1601 | D        | Bought a scroll of acquirement for 624 gold pieces
  1607 | D        | Bought a potion of curing for 42 gold pieces
  1607 | D        | Bought a potion of experience for 700 gold pieces
  1609 | D        | Bought a scroll of enchant armour for 82 gold pieces
  1609 | D        | Bought a scroll of enchant armour for 82 gold pieces
  1609 | D        | Bought a scroll of enchant weapon for 82 gold pieces
  1609 | D        | Reached skill level 10 in Fighting
  1609 | D        | Reached XP level 13. HP: 98/103 MP: 13/13
  1610 | D        | Acquired the +10 bardiche of Accord {vorpal, *Drain Int+3
                  | Dex+4 SInv}
  1663 | D        | Noticed Maurice
  1674 | D        | Killed Maurice
  2068 | D        | Noticed a red very ugly thing
  2087 | D        | Killed a red very ugly thing
  2087 | D        | Reached skill level 24 in Polearms
  2097 | D        | Noticed a great orb of eyes
  2111 | D        | Killed a great orb of eyes
  2147 | D        | Reached skill level 25 in Polearms
  2227 | D        | Noticed Kirke
  2263 | D        | Killed Kirke
  2263 | D        | Reached XP level 14. HP: 110/110 MP: 14/14
  2280 | D        | Noticed Saint Roka
  2304 | D        | Killed Saint Roka
  2304 | D        | Reached skill level 26 in Polearms
  2455 | D        | Reached skill level 10 in Shields
  2473 | D        | Reached skill level 10 in Armour
  2513 | D        | Reached skill level 10 in Dodging
  2671 | D        | Noticed a nagaraja
  2746 | D        | Killed a nagaraja
  3100 | D        | Noticed an entropy weaver
  3113 | D        | Killed an entropy weaver
  3239 | D        | Reached XP level 15. HP: 124/124 MP: 15/15
  3246 | D        | Noticed an emperor scorpion
  3255 | D        | Killed an emperor scorpion
  3527 | D        | Noticed a purple very ugly thing
  3527 | D        | Noticed a frost giant
  3533 | D        | Killed a purple very ugly thing
  3541 | D        | Noticed a frost giant
  3554 | D        | Killed a frost giant
  3563 | D        | Killed a frost giant
  3563 | D        | Reached skill level 27 in Polearms
  3596 | D        | Reached skill level 15 in Shields
  3661 | D        | Reached skill level 15 in Fighting
  3697 | D        | Noticed an ironheart preserver
  3708 | D        | Noticed an ironheart preserver
  3744 | D        | Killed an ironheart preserver
  3754 | D        | Reached skill level 15 in Armour
  3765 | D        | Killed an ironheart preserver
  3792 | D        | Noticed an Orb Guardian
  3794 | D        | Noticed a greater mummy
  3799 | D        | Killed an Orb Guardian
  3815 | D        | Annihilated by a sun demon

Illustrated notes

Levels and vault maps discovered:
D:        linesprint [early_d, line_temple, items_1, d_10, items_2, lair_1,
          lair_end, items_3, orc_1, orc_end, items_4, d_15, swamp_1, shoals_1,
          snake_1, spider_1, d_20, vaults_1, items_5, swamp_end, shoals_end,
          snake_end, spider_end, vaults_end, d_27, items_6, zot_1, zot_end,
          crypt_end, forest_end, elf_end, slime_end, tomb_end, abyss_end,
          pan_hell_end]

Skill      XL: |  1  2  3  4  5  6  7  8  9 10 11 12 13 14 15 |
---------------+----------------------------------------------+-----
Polearms       | 7 9 12 16 17 18 19 21 23 25 26 27 | 27.0
Shields        | 6 7 8 9 13 16 | 16.5
Dodging        | 2 5 9 11 14 | 14.1
Fighting       | 4 7 9 10 13 16 | 16.2
Armour         | 4 7 9 12 15 | 15.6

Action                   |  1- 3 |  4- 6 |  7- 9 | 10-12 | 13-15 || total
-------------------------+-------+-------+-------+-------+-------++-------
Melee: Trident           |    12 |    26 |       |       |       ||    38
       Halberd           |       |    18 |   100 |   338 |       ||   456
       Bardiche          |       |       |       |       |   381 ||   381
Evoke: Wand              |       |       |       |       |     3 ||     3
  Use: Potion            |       |     3 |     1 |     5 |     6 ||    15
       Scroll            |       |       |       |       |     7 ||     7
 Stab: Invisible         |       |       |       |     6 |       ||     6
       Confused          |       |       |       |       |     2 ||     2
Armor: Scale mail        |     3 |     6 |       |       |       ||     9
       Ring mail         |       |     3 |     9 |    14 |       ||    26
       Chain mail        |       |       |       |    61 |    13 ||    74
       Acid dragon scale |       |       |       |       |    33 ||    33
Dodge: Dodged            |     2 |    15 |    24 |   119 |   142 ||   302
Block: Kite shield       |     7 |    24 |    25 |   111 |   148 ||   315

Table legend: (Time is in decaauts)
 A = Elapsed time spent in this place.
 B = Non-inter-level travel time spent in this place.
 C = Inter-level travel time spent in this place.
 D = Time resting spent in this place.
 E = Time spent auto-exploring this place.
 F = Levels seen in this place.
 G = Mean time per level.
                   A        B        C        D        E       F      G
               +--------+--------+--------+--------+--------+-----+--------+
         Total |   3567 |   3567 |      0 |   1058 |     50 |   1 | 3567.0 |
       Dungeon |   3567 |   3567 |      0 |   1058 |     50 |   1 | 3567.0 |
               +--------+--------+--------+--------+--------+-----+--------+

Top non-repeatable levels by time:
       D: 3567 daAuts
